 Dungeon Sprint DCSS version 0.32-a0-473-gd044c6f0f0 (webtiles) character file.

Game seed: 1033344346578080483

2513 rocky1 the Carver (level 9, 0/76 HPs)
             Began as a Coglin Gladiator on Feb 26, 2024.
             Was an Initiate of Gozag.
             Succumbed to a green ugly thing's poison
             ... in the Dungeon (Sprint IX: "|||||||||||||||||||||||||||||").
             The game lasted 00:03:17 (1106 turns).

rocky1 the Carver (Coglin Gladiator)                Turns: 1106, Time: 00:03:19

Health: 0/76       AC: 15    Str: 14    XL:     9   Next: 53%
Magic:  9/9        EV: 10    Int:  9    God:    Gozag
Gold:   639        SH:  0    Dex: 19    Spells: 8/8 levels left

rFire   . . .        a - +0 long sword {Kenji}
rCold   . . .        p - +2 scimitar of Imbalance {pain, Will+ SInv}
rNeg    . . .        s - +1 chain mail
rPois   .            c - +0 helmet
rElec   .            q - +0 cloak
rCorr   .            (no gloves)
SInv    +            r - +0 pair of boots
Will    +....        (no amulet) Stlth
                     (ring unavailable)
HPRegen 0.32/turn    (ring unavailable)
MPRegen 0.11/turn

%: no teleportation
@: lethally poisoned (0 -> -11), gold aura, on berserk cooldown, slowed, revved,
very slow
A: off-hand wielding, slow wielding, warmup strikes, no rings
a: Renounce Religion, Potion Petition, Call Merchant, Bribe Branch


You were in the Dungeon.
You worshipped Gozag.
Gozag was pleased with you.
You visited 1 branch You collected 639 gold pieces.

Inventory:

Hand Weapons
 a - a +0 long sword (weapon) {Kenji}
 o - a +1 broad axe of freezing
 p - the +2 scimitar of Imbalance (offhand) {pain, Will+ SInv}
   (You found it in the Dungeon)

   Will+:     It increases your willpower.
   SInv:      It lets you see invisible.
Missiles
 d - 3 throwing nets (quivered)
 e - a javelin
Armour
 c - a +0 helmet (worn)
 q - a +0 cloak (worn)
 r - a +0 pair of boots (worn)
 s - a +1 chain mail (worn)
Wands
 n - a wand of roots (10)
Scrolls
 k - 2 scrolls of blinking
 m - 2 scrolls of amnesia
Potions
 f - 3 potions of curing
 g - a potion of invisibility
 h - a potion of haste
 i - 4 potions of magic
 l - 2 potions of heal wounds


   Skills:
 + Level 9.1 Fighting
 + Level 13.9 Long Blades
 - Level 3.2 Throwing
 + Level 6.8 Armour
 + Level 7.8 Dodging
 * Level 8.5 Necromancy


You had 8 spell levels left.
You didn't know any spells.
Your spell library was empty.

Dungeon Overview and Level Annotations

Branches:
Dungeon (1/1)

Altars:
Cheibriados
Dithmenos
Elyvilon
Fedhas
Gozag
Hepliaklqana
Kikubaaqudgha
Makhleb
Nemelex Xobeh
Okawaru
Qazlal
Ru
Sif Muna
Trog
Uskayaw
Vehumet
Wu Jian
Xom
Yredelemnul
Zin
The Shining One
Beogh
Jiyva
Lugonu


Innate Abilities, Weirdness & Mutations

You can wield a second weapon in your off-hand.
It takes a long time for you to wield or remove held weapons.
Your first few attacks do less damage.
Your grasper-arms cannot wear rings.


Message History

You barely miss the orc wizard with your +0 long sword.
* * * LOW HITPOINT WARNING * * *
You feel sick.
You hit the orc wizard with your +0 long sword.
You kill the orc wizard!
* * * LOW HITPOINT WARNING * * *
You feel very sick.
You hit the boulder beetle but do no damage.
You slice the boulder beetle with the +2 scimitar of Imbalance!!
The boulder beetle writhes in agony!
* * * LOW HITPOINT WARNING * * *
You feel sick.
You hit the boulder beetle but do no damage.
The boulder beetle is heavily wounded.
You hit the boulder beetle but do no damage.
The boulder beetle writhes in agony.
* * * LOW HITPOINT WARNING * * *
You feel sick. The boulder beetle closely misses you.
You barely miss the boulder beetle with the +2 scimitar of Imbalance.
The boulder beetle is heavily wounded.
You hit the boulder beetle but do no damage.
* * * LOW HITPOINT WARNING * * *
You feel sick.
You slash the boulder beetle with the +2 scimitar of Imbalance!
The boulder beetle writhes in agony!
The boulder beetle is almost dead.
You slice the boulder beetle with your +0 long sword!!
You kill the boulder beetle!
* * * LOW HITPOINT WARNING * * *
You feel sick.
Your Fighting skill increases to level 9!
Your Necromancy skill increases to level 8!
You slash the vampire with your +0 long sword!
The vampire is moderately damaged.
You hit the vampire with the +2 scimitar of Imbalance.
You are no longer berserk.
You are exhausted.
You feel yourself slow down.
You die...
Your body crumbles into a pile of gold. ▓▓▓▓▓▓▓▓▓▓▓▓▓▓▓▓▓▓▓▓▓▓ )...[==)......$$@V...+ ▓▓▓▓▓▓▓▓▓▓▓▓▓▓▓▓▓▓▓▓▓▓

You could see a vampire.

Vanquished Creatures
  A boulder beetle (D)
  An ugly thing (D)
  A cyclops (D)
  A troll (D)
  2 shadows (D)
  A yak (D)
  A vampire mosquito (D)
  An acid dragon (D)
  An orc warrior (D)
  An ice beast (D)
  A hound (D)
  A sleepcap (D)
  An orc wizard (D)
  A gnoll (D)
  A dart slug (D)
  An orc (D)
  A bat (D)
  A ball python (D)
  A goblin (D)
  A kobold (D)
21 creatures vanquished.

Notes
Turn   | Place    | Note
-------+----------+-------------------------------------------
     0 | D        | rocky1 the Coglin Gladiator began the quest for the Orb.
     0 | D        | Reached XP level 1. HP: 16/16 MP: 1/1
    11 | D        | Reached skill level 4 in Long Blades
    11 | D        | Reached XP level 2. HP: 8/23 MP: 2/2
   278 | D        | Noticed an ice beast
   283 | D        | Reached skill level 5 in Long Blades
   283 | D        | Reached XP level 3. HP: 29/29 MP: 3/3
   293 | D        | Reached skill level 1 in Armour
   293 | D        | Reached XP level 4. HP: 10/35 MP: 4/4
   304 | D        | Killed an ice beast
   305 | D        | Reached skill level 7 in Long Blades
   305 | D        | Reached skill level 5 in Dodging
   305 | D        | Reached XP level 5. HP: 4/43 MP: 5/5
   751 | D        | Found a roughly hewn altar of Beogh.
   751 | D        | Found a snail-covered altar of Cheibriados.
   751 | D        | Found a shadowy altar of Dithmenos.
   751 | D        | Found a white marble altar of Elyvilon.
   751 | D        | Found a blossoming altar of Fedhas.
   751 | D        | Found an opulent altar of Gozag.
   752 | D        | Found a hazy altar of Hepliaklqana.
   753 | D        | Found a viscous altar of Jiyva.
   754 | D        | Found an ancient bone altar of Kikubaaqudgha.
   755 | D        | Found a corrupted altar of Lugonu.
   756 | D        | Found a burning altar of Makhleb.
   757 | D        | Found a sparkling altar of Nemelex Xobeh.
   758 | D        | Found an iron altar of Okawaru.
   759 | D        | Found a stormy altar of Qazlal.
   761 | D        | Became a worshipper of Gozag Ym Sagoz the Greedy
   763 | D        | Found a sacrificial altar of Ru.
   764 | D        | Found a shimmering blue altar of Sif Muna.
   765 | D        | Found a bloodstained altar of Trog.
   766 | D        | Found a hide-covered altar of Uskayaw.
   767 | D        | Found a radiant altar of Vehumet.
   768 | D        | Found an ornate altar of the Wu Jian Council.
   769 | D        | Found a shimmering altar of Xom.
   770 | D        | Found a basalt altar of Yredelemnul.
   771 | D        | Found a glowing silver altar of Zin.
   772 | D        | Found a glowing golden altar of the Shining One.
   790 | D        | Got the +2 scimitar of Imbalance {pain, Will+ SInv}
   826 | D        | Noticed a shadow
   826 | D        | Noticed a troll
   826 | D        | Noticed an orc warrior
   826 | D        | Noticed a shadow
   826 | D        | Noticed an acid dragon
   826 | D        | Noticed a yak
   830 | D        | Killed a shadow
   831 | D        | Reached skill level 5 in Fighting
   831 | D        | Reached skill level 8 in Long Blades
   831 | D        | Reached XP level 6. HP: 40/51 MP: 6/6
   833 | D        | Killed a troll
   834 | D        | Reached skill level 9 in Long Blades
   834 | D        | Reached XP level 7. HP: 32/58 MP: 7/7
   840 | D        | Reached skill level 10 in Long Blades
   840 | D        | Reached skill level 5 in Necromancy
   844 | D        | Killed a shadow
   845 | D        | Reached skill level 5 in Armour
   848 | D        | Reached skill level 11 in Long Blades
   848 | D        | Reached XP level 8. HP: 29/67 MP: 8/8
   851 | D        | Killed a yak
  1075 | D        | Noticed a green ugly thing
  1075 | D        | Noticed a boulder beetle
  1075 | D        | Noticed a cyclops
  1075 | D        | Noticed a vampire
  1093 | D        | Killed a green ugly thing
  1094 | D        | Reached skill level 12 in Long Blades
  1097 | D        | Killed a cyclops
  1098 | D        | Reached skill level 13 in Long Blades
  1098 | D        | Reached XP level 9. HP: 21/75 MP: 9/9
  1104 | D        | HP: 4/112 [poisoned by a green ugly thing]
  1105 | D        | Killed a boulder beetle
  1106 | D        | Succumbed to a green ugly thing's poison

Illustrated notes

Levels and vault maps discovered:
D:        linesprint [early_d, line_temple, items_1, d_10, items_2, lair_1,
          lair_end, items_3, orc_1, orc_end, items_4, d_15, swamp_1, shoals_1,
          snake_1, spider_1, d_20, vaults_1, items_5, swamp_end, shoals_end,
          snake_end, spider_end, vaults_end, d_27, items_6, zot_1, zot_end,
          crypt_end, forest_end, elf_end, slime_end, tomb_end, abyss_end,
          pan_hell_end]

Skill      XL: |  1  2  3  4  5  6  7  8  9 |
---------------+----------------------------+-----
Long Blades    | 4 5 7 8 9 11 13 | 13.9
Throwing       | 2 3 |  3.2
Dodging        | 3 4 5 6 7 |  7.8
Fighting       | 3 4 5 6 7 8 9 |  9.1
Armour         | 1 2 3 4 5 6 |  6.8
Necromancy     | 3 4 5 7 8 |  8.5

Action                     |  1- 3 |  4- 6 |  7- 9 || total
---------------------------+-------+-------+-------++-------
  Melee: Long sword        |    24 |    20 |    40 ||    84
         Scimitar          |       |     6 |    42 ||    48
    Use: Potion            |       |     1 |     3 ||     4
   Stab: Distracted        |       |       |     1 ||     1
 Armour: Leather armour    |    14 |     6 |       ||    20
         Chain mail        |       |     4 |    24 ||    28
  Dodge: Dodged            |    17 |    10 |     7 ||    34

Table legend: (Time is in decaauts)
 A = Elapsed time spent in this place.
 B = Non-inter-level travel time spent in this place.
 C = Inter-level travel time spent in this place.
 D = Time resting spent in this place.
 E = Time spent auto-exploring this place.
 F = Levels seen in this place.
 G = Mean time per level.
                   A        B        C        D        E       F      G
               +--------+--------+--------+--------+--------+-----+--------+
         Total |   1099 |   1099 |      0 |    909 |      0 |   1 | 1099.0 |
       Dungeon |   1099 |   1099 |      0 |    909 |      0 |   1 | 1099.0 |
               +--------+--------+--------+--------+--------+-----+--------+

Top non-repeatable levels by time:
       D: 1099 daAuts
